SAA
OTTAWA NATIONALS @ ATLANTIC CITY SONICS
09/03/2042
 
TOP OF THE 1ST
Ottawa Nationals batting - Pitching for Atlantic City Sonics : RHP Gaberiela Tatafu
Pitching: RHP Gaberiela Tatafu
Batting: LHB Knox Loposer 0-0: Ball
1-0: Fly out, F8 (Flyball, 8LD, EV 98.8 MPH)
Batting: LHB Ewold de Regt 0-0: Called Strike
0-1: Foul Ball, location: 2F
0-2: Strikes out looking
Batting: RHB Dave Curtis 0-0: Ball
1-0: Ball
2-0: Foul Ball, location: 2F
2-1: Ground out 6-3 (Groundball, 6, EV 80.0 MPH)
Top of the 1st over - 0 runs, 0 hits, 0 errors, 0 left on base; Ottawa 0 - Atlantic City 0
BOTTOM OF THE 1ST
Atlantic City Sonics batting - Pitching for Ottawa Nationals : RHP Ernest Brock
Pitching: RHP Ernest Brock
Batting: LHB Jorge Quilez 0-0: Ball
1-0: Ball
2-0: Ball
3-0: Base on Balls
Batting: RHB Garm van Opdorp 0-0: Called Strike
0-1: Ball
1-1: Ball
2-1: Ball
3-1: Base on Balls
Jorge Quilez to second
Batting: LHB Luis Ortíz 0-0: Ball
1-0: Grounds into double play, 3-6-3 (Groundball, 3, EV 101.9 MPH)
Jorge Quilez to third
Batting: LHB Travis Gilliam 0-0: Ball
1-0: Called Strike
1-1: Foul Ball, location: 2F
1-2: Ground out 5-3 (Groundball, 56, EV 89.4 MPH)
Bottom of the 1st over - 0 runs, 0 hits, 0 errors, 1 left on base; Ottawa 0 - Atlantic City 0
TOP OF THE 2ND
Ottawa Nationals batting - Pitching for Atlantic City Sonics : RHP Gaberiela Tatafu
Batting: LHB Juan Romero 0-0: Swinging Strike
0-1: Ball
1-1: Called Strike
1-2: Strikes out swinging
Batting: RHB Hulama Yani 0-0: Ball
1-0: Fly out, F9 (Flyball, 9D, EV 104.4 MPH)
Batting: RHB Boyd Tholen 0-0: Swinging Strike
0-1: SINGLE (Line Drive, 7S, EV 92.5 MPH)
Batting: RHB Nobuhiko Ohayashi 0-0: Ball
1-0: Foul Ball, location: 2F
1-1: Ball
2-1: Called Strike
2-2: Ball
3-2: Base on Balls
Boyd Tholen to second
Batting: RHB Spencer Wiggins 0-0: Fly out, F4 (Popup, 4M, EV 54.4 MPH)
Top of the 2nd over - 0 runs, 1 hit, 0 errors, 2 left on base; Ottawa 0 - Atlantic City 0
BOTTOM OF THE 2ND
Atlantic City Sonics batting - Pitching for Ottawa Nationals : RHP Ernest Brock
Batting: RHB Luis Rodríguez 0-0: Called Strike
0-1: Ball
1-1: Foul Ball, location: 2F
1-2: Strikes out swinging
Batting: RHB Denis Perrin 0-0: Called Strike
0-1: Ball
1-1: Ball
2-1: Swinging Strike
2-2: Ground out 6-3 (Groundball, 6, EV 100.6 MPH)
Batting: RHB Abhipala Srivastav 0-0: Foul Ball, location: 2F
0-1: Called Strike
0-2: Ball
1-2: Fly out, F8 (Flyball, 8LD, EV 97.5 MPH)
Bottom of the 2nd over - 0 runs, 0 hits, 0 errors, 0 left on base; Ottawa 0 - Atlantic City 0
TOP OF THE 3RD
Ottawa Nationals batting - Pitching for Atlantic City Sonics : RHP Gaberiela Tatafu
Batting: RHB José Cintrón 0-0: Foul Ball, location: 2F
0-1: Ball
1-1: Ground out 5-3 (Groundball, 56, EV 81.9 MPH)
Batting: LHB Knox Loposer 0-0: Ball
1-0: Called Strike
1-1: Swinging Strike
1-2: Foul Ball, location: 2F
1-2: Strikes out swinging
Batting: LHB Ewold de Regt 0-0: Called Strike
0-1: Foul Ball, location: 2F
0-2: Fly out, F7 (Flyball, 7LDF, EV 91.2 MPH)
Top of the 3rd over - 0 runs, 0 hits, 0 errors, 0 left on base; Ottawa 0 - Atlantic City 0
BOTTOM OF THE 3RD
Atlantic City Sonics batting - Pitching for Ottawa Nationals : RHP Ernest Brock
Batting: RHB Jaime López 0-0: Called Strike
0-1: Ground out 6-3 (Groundball, 6MS, EV 82.5 MPH)
Batting: RHB Jared Guth 0-0: Ball
1-0: Ball
2-0: Ball
3-0: Called Strike
3-1: Foul Ball, location: 2F
3-2: Base on Balls
Batting: LHB Jorge Quilez 0-0: Called Strike
0-1: Called Strike
0-2: Ball
1-2: Strikes out swinging
Batting: RHB Garm van Opdorp 0-0: Called Strike
0-1: Fly out, F8 (Line Drive, 8LM, EV 94.4 MPH)
Bottom of the 3rd over - 0 runs, 0 hits, 0 errors, 1 left on base; Ottawa 0 - Atlantic City 0
TOP OF THE 4TH
Ottawa Nationals batting - Pitching for Atlantic City Sonics : RHP Gaberiela Tatafu
Batting: RHB Dave Curtis 0-0: Ball
1-0: Ball
2-0: Fly out, F9 (Flyball, 9S, EV 75.6 MPH)
Batting: LHB Juan Romero 0-0: Ball
1-0: Ball
2-0: Called Strike
2-1: SINGLE (Line Drive, 9S, EV 95.0 MPH)
Batting: RHB Hulama Yani 0-0: Called Strike
0-1: Called Strike
0-2: Ball
1-2: Ball
2-2: Fly out, F8 (Flyball, 89D, EV 91.2 MPH)
Batting: RHB Boyd Tholen 0-0: Called Strike
0-1: Ball
1-1: Ball
2-1: Foul Ball, location: 2F
2-2: Foul Ball, location: 2F
2-2: Strikes out swinging
Top of the 4th over - 0 runs, 1 hit, 0 errors, 1 left on base; Ottawa 0 - Atlantic City 0
BOTTOM OF THE 4TH
Atlantic City Sonics batting - Pitching for Ottawa Nationals : RHP Ernest Brock
Batting: LHB Luis Ortíz 0-0: Called Strike
0-1: Ball
1-1: Ball
2-1: Fly out, F8 (Line Drive, 8RM, EV 105.0 MPH)
Batting: LHB Travis Gilliam 0-0: Ball
1-0: Foul Ball, location: 2F
1-1: Ground out U3 (Groundball, 34, EV 107.5 MPH)
Batting: RHB Luis Rodríguez 0-0: Foul Ball, location: 2F
0-1: Ball
1-1: Ball
2-1: Ground out 5-3 (Groundball, 5L, EV 80.6 MPH)
Bottom of the 4th over - 0 runs, 0 hits, 0 errors, 0 left on base; Ottawa 0 - Atlantic City 0
TOP OF THE 5TH
Ottawa Nationals batting - Pitching for Atlantic City Sonics : RHP Gaberiela Tatafu
Batting: RHB Nobuhiko Ohayashi 0-0: Called Strike
0-1: Ground out U3 (Groundball, 34, EV 89.4 MPH)
Batting: RHB Spencer Wiggins 0-0: Ball
1-0: Swinging Strike
1-1: Foul Ball, location: 2F
1-2: Strikes out swinging
Batting: RHB José Cintrón 0-0: Ball
1-0: Fly out, F9 (Line Drive, 89S, EV 91.9 MPH)
Top of the 5th over - 0 runs, 0 hits, 0 errors, 0 left on base; Ottawa 0 - Atlantic City 0
BOTTOM OF THE 5TH
Atlantic City Sonics batting - Pitching for Ottawa Nationals : RHP Ernest Brock
Batting: RHB Denis Perrin 0-0: Ball
1-0: Fly out, F7 (Flyball, 78S, EV 80.0 MPH)
Batting: RHB Abhipala Srivastav 0-0: Foul Ball, location: 2F
0-1: Ball
1-1: Foul Ball, location: 2F
1-2: Ball
2-2: Ball
3-2: DOUBLE (Line Drive, 9LS, EV 96.2 MPH)
Batting: RHB Jaime López 0-0: Ball
1-0: Fly out, F9 (Line Drive, 9D, EV 83.1 MPH)
Runner from 2nd tags up, SAFE at 3rd, no throw by RF
Batting: RHB Jared Guth 0-0: Ball
1-0: Ball
2-0: Ball
3-0: Called Strike
3-1: Base on Balls
Batting: LHB Jorge Quilez 0-0: Ball
1-0: Swinging Strike
1-1: Ball
2-1: Ball
3-1: Swinging Strike
3-2: Strikes out swinging
Bottom of the 5th over - 0 runs, 1 hit, 0 errors, 2 left on base; Ottawa 0 - Atlantic City 0
TOP OF THE 6TH
Ottawa Nationals batting - Pitching for Atlantic City Sonics : RHP Gaberiela Tatafu
Batting: LHB Knox Loposer 0-0: Foul Ball, location: 2F
0-1: Swinging Strike
0-2: Ground out 4-3 (Groundball, 4M, EV 84.4 MPH)
Batting: LHB Ewold de Regt 0-0: DOUBLE (Flyball, 9LD, EV 91.2 MPH)
Batting: RHB Dave Curtis 0-0: Ball
1-0: Foul Ball, location: 2F
1-1: Called Strike
1-2: Ball
2-2: Ball
3-2: 2-RUN HOME RUN (Flyball, 9LD, EV 101.2 MPH), Distance : 348 ft
Pitching: RHP Jonas Wisse
Batting: LHB Juan Romero 0-0: Called Strike
0-1: Foul Ball, location: 2F
0-2: Foul Ball, location: 2F
0-2: Foul Ball, location: 2F
0-2: Foul Ball, location: 2F
0-2: Ball
1-2: Foul Ball, location: 2F
1-2: Ball
2-2: Foul Ball, location: 2F
2-2: Ground out 6-3 (Groundball, 6, EV 86.9 MPH)
Batting: RHB Hulama Yani 0-0: Called Strike
0-1: Called Strike
0-2: Foul Ball, location: 2F
0-2: Ground out 6-3 (Groundball, 6, EV 86.2 MPH)
Top of the 6th over - 2 runs, 2 hits, 0 errors, 0 left on base; Ottawa 2 - Atlantic City 0
BOTTOM OF THE 6TH
Atlantic City Sonics batting - Pitching for Ottawa Nationals : RHP Ernest Brock
Batting: RHB Garm van Opdorp 0-0: Ball
1-0: Foul Ball, location: 2F
1-1: Swinging Strike
1-2: Ball
2-2: Ball
3-2: Fly out, F7 (Flyball, 78XD, EV 85.6 MPH)
Batting: LHB Luis Ortíz 0-0: Ball
1-0: Called Strike
1-1: Ball
2-1: Ball
3-1: Base on Balls
Batting: LHB Travis Gilliam 0-0: Ball
1-0: Swinging Strike
1-1: DOUBLE (Line Drive, 9LM, EV 100.0 MPH)
Luis Ortíz to third
Runner from 3rd tries for Home, SAFE, throw by RF to trailing runner, SAFE at third!
Batting: RHB Luis Rodríguez 0-0: Ball
1-0: Called Strike
1-1: Ground out 5-3 (Groundball, 5L, EV 83.1 MPH)
Batting: RHB Denis Perrin 0-0: Ground out 6-3 (Groundball, 6, EV 83.8 MPH)
Bottom of the 6th over - 1 run, 1 hit, 0 errors, 1 left on base; Ottawa 2 - Atlantic City 1
TOP OF THE 7TH
Ottawa Nationals batting - Pitching for Atlantic City Sonics : RHP Jonas Wisse
Batting: RHB Boyd Tholen 0-0: Fly out, F5 (Popup, 25F, EV 89.4 MPH)
Batting: RHB Nobuhiko Ohayashi 0-0: Foul Ball, location: 2F
0-1: Ball
1-1: Foul Ball, location: 2F
1-2: SOLO HOME RUN (Flyball, 7D, EV 100.0 MPH), Distance : 382 ft
Batting: RHB Spencer Wiggins 0-0: Called Strike
0-1: Ball
1-1: Ball
2-1: Swinging Strike
2-2: Foul Ball, location: 2F
2-2: Ball
3-2: Strikes out swinging
Batting: RHB José Cintrón 0-0: Foul Ball, location: 2F
0-1: Foul Ball, location: 2F
0-2: Ground out U3 (Groundball, 34S, EV 86.9 MPH)
Top of the 7th over - 1 run, 1 hit, 0 errors, 0 left on base; Ottawa 3 - Atlantic City 1
BOTTOM OF THE 7TH
Atlantic City Sonics batting - Pitching for Ottawa Nationals : RHP Ernest Brock
Batting: RHB Abhipala Srivastav 0-0: Ground out 5-3 (Groundball, 5, EV 99.4 MPH)
Batting: RHB Jaime López 0-0: Called Strike
0-1: Fly out, F9 (Flyball, 9, EV 79.4 MPH)
Batting: RHB Jared Guth 0-0: Called Strike
0-1: Ball
1-1: Ground out 1-3 (Groundball, 34S, EV 86.2 MPH)
Bottom of the 7th over - 0 runs, 0 hits, 0 errors, 0 left on base; Ottawa 3 - Atlantic City 1
TOP OF THE 8TH
Ottawa Nationals batting - Pitching for Atlantic City Sonics : RHP Jonas Wisse
Batting: LHB Knox Loposer 0-0: Ball
1-0: Called Strike
1-1: Foul Ball, location: 2F
1-2: Fly out, F9 (Flyball, 9, EV 85.6 MPH)
Batting: LHB Ewold de Regt 0-0: SINGLE (Groundball, 56D, EV 100.0 MPH)
Batting: RHB Dave Curtis 0-0: Called Strike
0-1: Fly out, F4 (Popup, 3D, EV 65.0 MPH)
Batting: LHB Juan Romero 0-0: Ball
1-0: Foul Ball, location: 2F
1-1: Fly out, F9 (Flyball, 9LSF, EV 88.8 MPH)
Top of the 8th over - 0 runs, 1 hit, 0 errors, 1 left on base; Ottawa 3 - Atlantic City 1
BOTTOM OF THE 8TH
Atlantic City Sonics batting - Pitching for Ottawa Nationals : RHP Ernest Brock
Batting: LHB Jorge Quilez 0-0: Ball
1-0: Ball
2-0: Called Strike
2-1: Foul Ball, location: 2F
2-2: Ball
3-2: Strikes out swinging
Batting: RHB Garm van Opdorp 0-0: Ball
1-0: Foul Ball, location: 2F
1-1: Called Strike
1-2: Ball
2-2: Ball
3-2: Foul Ball, location: 2F
3-2: Ground out 6-3 (Groundball, 6, EV 86.9 MPH)
Batting: LHB Luis Ortíz 0-0: SINGLE (Line Drive, 6D, EV 103.8 MPH)
Pitching: RHP Travis Conklin
Batting: LHB Travis Gilliam 0-0: Ball
1-0: Ball
2-0: Foul Ball, location: 2F
2-1: Fielders Choice at 2nd, U6 (Groundball, 6M, EV 84.4 MPH)
Bottom of the 8th over - 0 runs, 1 hit, 0 errors, 1 left on base; Ottawa 3 - Atlantic City 1
TOP OF THE 9TH
Ottawa Nationals batting - Pitching for Atlantic City Sonics : RHP Jonas Wisse
Batting: RHB Hulama Yani 0-0: Called Strike
0-1: Called Strike
0-2: Ball
1-2: Ball
2-2: Ball
3-2: Base on Balls
Pitching: RHP Chris Plautz
Batting: RHB Boyd Tholen 0-0: Ball
1-0: Fly out, F7 (Flyball, 78M, EV 88.8 MPH)
Batting: RHB Nobuhiko Ohayashi 0-0: Ball
Pickoff Throw by Catcher to First - Out!
1-0: Ground out U3 (Groundball, 3, EV 103.8 MPH)
Top of the 9th over - 0 runs, 0 hits, 0 errors, 0 left on base; Ottawa 3 - Atlantic City 1
BOTTOM OF THE 9TH
Atlantic City Sonics batting - Pitching for Ottawa Nationals : RHP Travis Conklin
Pitching: RHP Stu Searle
Batting: RHB Luis Rodríguez 0-0: Ball
1-0: Called Strike
1-1: Ball
2-1: Foul Ball, location: 2F
2-2: Foul Ball, location: 2F
2-2: Foul Ball, location: 2F
2-2: Fly out, F9 (Flyball, 9LMF, EV 100.6 MPH)
Batting: RHB Denis Perrin 0-0: Called Strike
0-1: Ball
1-1: Ground out 5-3 (Groundball, 56, EV 81.2 MPH)
Batting: RHB Abhipala Srivastav 0-0: Ball
1-0: Ball
2-0: Foul Ball, location: 2F
2-1: Swinging Strike
2-2: Strikes out swinging
Bottom of the 9th over - 0 runs, 0 hits, 0 errors, 0 left on base; Ottawa 3 - Atlantic City 1
Friday, March 26th, 2021 - OOTP Baseball 20.8 Build 74